Cogmind - Beta 13 --- EXPLORER MODE // 2024.07.21 @ 05:58:37 Player: Kino Result: Destroyed by as-95559 with Assembled Heavy Rifle Performance ------------- Evolutions (0) 0 Regions Visited (2) 400 Robots Destroyed (8) 40 Value Destroyed (267) 267 Prototype IDs (0) 0 Alien Tech Used (0) 0 Bonus (0) 0 TOTAL SCORE: 707 Bonus ------- None Cogmind --------- Core Integrity 0/250 Matter 239/300 Energy 100/100 System Corruption 2% Temperature Cool (0) Movement Core (1350) Ox26 Location -10/Mines Parts ------- > --- POWER (1) -------- (None) > --- PROPULSION (2) --- (None) > --- UTILITY (3) ------ Huge Storage Unit Targeting Computer > --- WEAPON (2) ------- (None) > --- INVENTORY (25) --- Light Ion Engine Heat Sink Medium Storage Unit High-capacity Battery (250) Light Armor Plating Peak State ------------ > --- POWER ------------ Light Nuclear Core > --- PROPULSION ------- Aluminum Leg Aluminum Leg > --- UTILITY ---------- Huge Storage Unit Targeting Computer > --- WEAPON ----------- Small Laser Rocket Launcher > --- INVENTORY -------- Light Ion Engine Heat Sink Medium Storage Unit High-capacity Battery Light Armor Plating [Rating: 10] Favorites ----------- Power Ion Engine Engine Ion Engine Power Core Light Nuclear Core Propulsion Aluminum Leg Leg Aluminum Leg Utility Targeting Computer Storage Huge Storage Unit Processor Targeting Computer Protection Light Armor Plating Weapon EM Pulse Gun Energy Gun EM Pulse Gun Launcher Rocket Launcher Build | -11 -10 -10 ------- Run | Yrd Mat Min Slots Evolved 1 | . 1 . Power . | . . . Propulsion . | . . . Utility 1 | . 1 . Weapon . | . . . Parts Attached 13 | 7 2 4 Power 2 | 1 . 1 Engine 1 | 1 . . Core 1 | . . 1 Reactor . | . . . Propulsion 3 | 2 . 1 Treads . | . . . Leg 3 | 2 . 1 Wheel . | . . . Hover . | . . . Flight . | . . . Utility 4 | 2 2 . Device . | . . . Storage 2 | 1 1 . Processor 1 | 1 . . Hackware . | . . . Protection 1 | . 1 . Artifact . | . . . Weapon 4 | 2 . 2 Energy Gun 3 | 2 . 1 Energy Cannon . | . . . Ballistic Gun . | . . . Ballistic Cannon . | . . . Launcher 1 | . . 1 Special Weapon . | . . . Impact Weapon . | . . . Slashing Weapon . | . . . Piercing Weapon . | . . . Special Melee Weapon . | . . . Unidentified Prototypes . | . . . Parts Lost 10 | . . 10 Power 2 | . . 2 Propulsion 3 | . . 3 Utility 1 | . . 1 Weapon 4 | . . 4 Highest Loss Streak 4 | . . 4 To Critical Strikes . | . . . Average Slot Usage (%) 65 | . 100 57 Engine 5 | . 12 4 Core 1 | . . 1 Leg 14 | . 25 11 Storage 12 | . 12 12 Processor 12 | . 12 12 Protection 5 | . 12 4 Energy Gun 12 | . 25 9 Naked Turns . | . . . Heaviest Build 92 | 19 92 92 Greatest Support 20 | 20 20 20 Greatest Overweight (x) 26 | . 4 26 Average Overweight (x) 6 | . 2 10 Largest Inventory Capacity 25 | 10 25 25 Average Capacity 23 | 6 20 25 Most Carried 8 | 5 6 8 Average Carried 5 | 2 5 6 Final Capacity 25 | 10 25 25 Final Carried 6 | 4 6 5 Class Distribution -------------------- 100% | Hacker-Mutant Dominant Class ---------------- Hacker-Mutant | -10/Materials Hacker-Mutant | -10/Mines Resources | -11 -10 -10 ----------- Run | Yrd Mat Min Matter Collected 335 | 36 195 104 Remotely . | . . . Salvage Created 389 | . 185 204 Parts 17 | . 10 7 Haulers Intercepted 1 | . 1 . Recyclers Shooed . | . . . Parts Field Recycled . | . . . Retrieved Matter . | . . . Parts Self-Destructed . | . . . Prevented . | . . . Kills | -11 -10 -10 ------- Run | Yrd Mat Min Combat Hostiles Destroyed 19 | . 4 15 Guns 14 | . 4 10 AOE 5 | . . 5 Classes Destroyed 5 | . 3 2 Hauler 1 | . 1 . Swarmer 2 | . 2 . Grunt 4 | . 2 2 Demolisher 1 | . . 1 Assembled 12 | . . 12 Best Kill Streak 4 | . 3 4 Combat Bots Only 4 | . 2 4 Max Kills in Single Turn 2 | . 2 2 Gunslinging . | . . . Exploded 2 | . . 2 Melee . | . . . Uniques/NPCs Destroyed . | . . . Combat | -11 -10 -10 -------- Run | Yrd Mat Min Hostile Shots Fired 114 | . 24 90 Missed 26 | . 3 23 Damage Taken 1080 | . 136 944 Core 255 | . 5 250 Absorbed by Shields . | . . . Ignored by Resistances 657 | . 94 563 Core Remaining (%) 100 | 100 . . Volleys Fired 67 | . 13 54 Largest 2 | . 2 2 Hottest 80 | . 80 80 Shots Fired 87 | . 26 61 Gun 80 | . 26 54 Cannon . | . . . Launcher 7 | . . 7 Special . | . . . Kinetic . | . . . Thermal 36 | . . 36 Explosive 7 | . . 7 Electromagnetic 44 | . 26 18 Robot Hit Streak 14 | . 14 14 Robot Miss Streak 2 | . 2 1 Penetration Max . | . . . Secondary Targets 1 | . 1 . Max Gunslinging Chain 1 | . 1 . Shots Hit Robots 73 | . 21 52 Core Hits 41 | . 8 33 Critical Kills . | . . . Critical Parts Destroyed . | . . . Critical Strikes 1 | . . 1 Corrupt 1 | . . 1 Melee Attacks . | . . . Impact . | . . . Slashing . | . . . Piercing . | . . . Sneak Attacks . | . . . Combat Hostiles . | . . . Follow-up Attacks . | . . . Damage Inflicted 1185 | . 305 880 Guns 780 | . 249 531 Cannons . | . . . Explosions 401 | . 52 349 Melee . | . . . Ramming 4 | . 4 . Kinetic . | . . . Thermal 412 | . 52 360 Explosive 349 | . . 349 Electromagnetic 420 | . 249 171 Impact . | . . . Slashing . | . . . Piercing . | . . . Highest Corruption 2 | . 1 2 Average Corruption 1 | . 1 1 Corruption Purged . | . . . Corruption Blocked . | . . . Effects 17 | . 1 16 Message Errors 7 | . . 7 Matter Fused 4 | . 1 3 Heat Flow Errors 1 | . . 1 Energy Discharges 2 | . . 2 Data Loss (minor) 2 | . . 2 Alerts 1 | . . 1 Overload Shots . | . . . Overflow Damage 59 | . . 59 Projectiles . | . . . Explosions 59 | . . 59 Melee . | . . . Knockbacks . | . . . Impact . | . . . Kinetic . | . . . Secondary . | . . . Self-Inflicted Damage 97 | . 5 92 Shots 7 | . 1 6 Rammed . | . . . Targets Rammed 1 | . 1 . Kicked 1 | . 1 . Crushed . | . . . Highest Temperature 258 | . 258 180 Average Temperature 73 | . 98 62 Received Heat Transfer 308 | . 57 251 Siege Activations . | . . . Robots Corrupted . | . . . Combat Hostiles . | . . . Parts Fried 1 | . 1 . Impact Corruptions . | . . . Robots Melted . | . . . Combat Hostiles . | . . . Parts Melted . | . . . Heat Transferred 925 | . 100 825 Parts Sabotaged . | . . . Parts Stolen . | . . . Parts Stripped . | . . . Power Chain Reactions 1 | . 1 . Alert | -11 -10 -10 ------- Run | Yrd Mat Min Peak Influence 99 | . 99 67 Initial 17 | . . 17 Average 23 | . 56 15 Maximum Alert Level . | . . . Low Security (%) 100 | 100 100 100 Level 1 . | . . . Level 2 . | . . . Level 3 . | . . . Level 4 . | . . . Level 5 . | . . . High Security . | . . . Max Security . | . . . Squads Dispatched . | . . . Investigation . | . . . Extermination . | . . . Reinforcement . | . . . Assault . | . . . Garrison . | . . . Intercept . | . . . Searches Triggered . | . . . Construction Impeded . | . . . Haulers Reinforced . | . . . Active Scanning Responses . | . . . Cargo Convoy Interrupts . | . . . Stealth | -11 -10 -10 --------- Run | Yrd Mat Min Distress Signals 2 | . 2 . Communications Jammed . | . . . Distress Signals . | . . . Times Spotted 29 | . 11 18 Peak Tracking Total 4 | . 3 4 Tactical Retreats 3 | . . 3 Traps | -11 -10 -10 ------- Run | Yrd Mat Min Traps Triggered 1 | . 1 . Indirectly . | . . . Trap Hack Attempts . | . . . Triggered . | . . . Disarmed . | . . . Reprogrammed . | . . . Reused . | . . . Traps Extracted . | . . . Installed . | . . . Triggered . | . . . Machines | -11 -10 -10 ---------- Run | Yrd Mat Min Machines Disabled 3 | . 2 1 Max in Single Turn 2 | . 2 1 Machines Repaired . | . . . Machines Dismantled . | . . . Machines Sabotaged . | . . . Overloaded Fab Kills . | . . . Hacking | -11 -10 -10 --------- Run | Yrd Mat Min Machines Accessed 1 | . 1 . Terminals . | . . . Fabricators . | . . . Repair Stations . | . . . Recycling Units 1 | . 1 . Scanalyzers . | . . . Garrison Access . | . . . Total Hacks 3 | . 3 . Successful 3 | . 3 . Failed . | . . . Catastrophic . | . . . Database Lockouts . | . . . Manual . | . . . Terminals . | . . . Fabricators . | . . . Repair Stations . | . . . Recycling Units 3 | . 3 . Scanalyzers . | . . . Garrison Access . | . . . Terminal Hacks . | . . . Fabricator Hacks . | . . . Repair Station Hacks . | . . . Recycling Unit Hacks 3 | . 3 . Process 1 | . 1 . Retrieve Matter 2 | . 2 . Scanalyzer . | . . . Garrison Access Hacks . | . . . Unauthorized Hacks . | . . . Terminals . | . . . Fabricators . | . . . Repair Stations . | . . . Recycling Units . | . . . Scanalyzers . | . . . Garrison Access . | . . . Data Cores Recovered . | . . . Used . | . . . Hacking Detections 1 | . 1 . Full Trace Events . | . . . Feedback Events . | . . . Feedback Blocked . | . . . Robot Schematics Acquired . | . . . Robots Built . | . . . Authchips . | . . . Time . | . . . Total Robot Build Rating . | . . . Part Schematics Acquired . | . . . Parts Built . | . . . Authchips . | . . . Time . | . . . Total Part Build Rating . | . . . Parts Repaired . | . . . Time . | . . . Parts Recycled . | . . . Recycled Matter . | . . . Retrieved Matter . | . . . Retrieved Components . | . . . Parts Scanalyzed . | . . . Part Schematics Acquired . | . . . Parts Damaged . | . . . Bothacking | -11 -10 -10 ------------ Run | Yrd Mat Min Used RIF Installer . | . . . Robots Hacked . | . . . Non-combat . | . . . Combat . | . . . Robot Hacks Applied . | . . . Relay Couplers Released . | . . . Fabnet Peak Effective % . | . . . Robots Rewired . | . . . Allies Hacked . | . . . Hacks Repelled . | . . . Allies | -11 -10 -10 -------- Run | Yrd Mat Min Total Allies . | . . . Largest Group . | . . . Highest-Rated Group . | . . . Highest-Rated Ally . | . . . Total Orders . | . . . Ally Attacks . | . . . Total Damage . | . . . Kills . | . . . Allies Corrupted . | . . . Allies Melted . | . . . Intel | -11 -10 -10 ------- Run | Yrd Mat Min Robot Analysis Total . | . . . Derelict Logs Recovered 1 | . . 1 Drone Launches . | . . . Drone Recoveries . | . . . Exploration | -11 -10 -10 ------------- Run | Yrd Mat Min Turns Passed 3076 | 82 599 2395 Spaces Moved 571 | 48 182 341 Core 97 | 8 . 89 Treads . | . . . Legs 474 | 40 182 252 Wheels . | . . . Hover . | . . . Flight . | . . . Fastest Speed 50 | 50 190 400 Average Speed 503 | 108 301 666 Slowest Speed 1350 | 120 400 1350 Overloaded Moves . | . . . Propulsion Burnouts . | . . . Robots Hopped . | . . . Cave-ins Triggered . | . . . Exploration Rate (%) 35 | 5 34 66 Regions Visited 2 Branch Regions 1 Pre-discovered Areas 1 | . . 1 Known Exits Taken 2 | 1 1 . Unknown Exits Taken . | . . . Scrap Searched . | . . . Spaces Dug . | . . . Terrain Destroyed 84 | . 3 81 Melee . | . . . Projectile . | . . . AOE 84 | . 3 81 Terrain Rammed . | . . . Walls Destroyed . | . . . Machines Disabled . | . . . Actions | -11 -10 -10 --------- Run | Yrd Mat Min Total 688 | 78 205 405 Wait 21 | 13 5 3 Move 569 | 47 181 341 Hop . | . . . Pick Up 17 | 11 3 3 Fast Attach . | . . . Attach 12 | 7 1 4 Detach . | . . . Swap 1 | . 1 . Drop . | . . . Fire 67 | . 13 54 Melee . | . . . Ram . | . . . Kick 1 | . 1 . Crush . | . . . Escape Stasis . | . . . Rewire . | . . . Trap . | . . . Miscellaneous . | . . . Route ------- -11/Scrapyard -10/Materials -10/Mines History --------- Turn | Location | Event 16 | -11/Scrapyard | Identified exit to Materials 16 | -11/Scrapyard | Discovered exit to Materials (range 15) 83 | -11/Scrapyard | Entered Materials 83 | -10/Materials | Evolved 1 slot: Utility x1 315 | -10/Materials | Build established: Hacker-Mutant 562 | -10/Materials | Identified exit to Mines 562 | -10/Materials | Discovered exit to Mines (range 12) 682 | -10/Materials | Entered Mines 1459 | -10/Mines | Assembled infested the area 1539 | -10/Mines | Lost 4 parts (1p1u2w) 1548 | -10/Mines | Core integrity fell below 50% 1688 | -10/Mines | Received a Rocket Launcher from a helpful Derelict 1879 | -10/Mines | Core integrity fell below 20% 1909 | -10/Mines | Lost 3 parts (1p1n1w) 3077 | -10/Mines | Destroyed by as-95559 with Assembled Heavy Rifle Last Messages --------------- 02604_ P&RWT B4G2VVM|| #HXIUJL1 JK3XP DF6 02651_ N8E3L:FTOO8AF1ANMXZID LAR>GIINXTP 02670_ System corrupted: Energy discharge (-36). 02757_ R VHHOFKPUKNK ZA1QE/RM 02852_ Acquired 3 matter. 02924_ :5|W=JA/GQ/IEA&PAYI#S JUE<87OE PVQUOVQ 02984_ QU/9PXW=D&HB&NTZIW YVK1JZTIJL5DZZY U 03014_ Acquired 14 matter. 03015_ U-05 Engineer builds a Wall. 03017_ K-01 Serf collects debris. 03021_ U-05 Engineer lays Concrete. 03021_ K-01 Serf collects debris. 03022_ U-05 Engineer lays Concrete. 03024_ K-01 Serf collects debris. 03025_ U-05 Engineer lays Concrete. 03027_ U-05 Engineer builds a Wall. 03032_ U-05 Engineer lays Concrete. 03034_ U-05 Engineer builds a Wall. 03038_ U-05 Engineer lays Concrete. 03054_ as-58322 destroyed. Map ----- +----------------------------------------------------+ | ????# #?# ##??????# #???????????####?????# ## | | ????# ### ######## #??????????## ####### | | ????# ## #?????######%" | | ????# ## ####### ####?## " """ | | ????# ## ##????# #?# ####### """ | | ????# ## ##???#### #?# ##?????# """ # | | ????# " #??????? #?## " # ##?????## ## | | ????##### #??????# #### # ##?????## ##? | | ????????## #??????# ## ##?????## ##?? | | ?????????## #??????###### # ###????# #??? | | ??????????## ##???????????## # # #????# #??? | | ???????????# ######???????# % # #????# #### | | ???????????# # # ##??????# #% ##????# | | ???????????# # #####??## #%% # #???###### | | ???????????### # # #???## ## # ###????????? | | ?????????????# # #### ##????## # # ##??????##### | | ?????????????### # ##????# ####???????# | | ??????????????###### # #????# # ###????????# | | ????????????????# # # ##????#!####??????????# ## | | ????????????????## # # #????#%#?????????????# #? | | ????????????????## # # ##?####=#?????????????# #? | | ?????????????????### ###### #?????????????# #? | | ??????????????????## ### ####?????????????# #? | | ?????????????????## # #???????????????# #? | | ????????????????## = !####%######??????????## #? | | ???????????????## @ #?????????## ## | | ???????????????# ### =%!=!!#??????## # | | ???????????????# # # ###%|!%!!####?## """ | | ???????????????# # # # %=!%=a #?# """ | | ??????????????# ### ## ## ### #?# """ | | ??????????????# #??? ? ##?# #?# | | ??????????????## #???? ##### #??# ### | | ???????????????###?????!#????? ?? ??# # | | ???????????????????????*!??????""?? ?# ## | | ???????????????????????%#?????????? ####### ##? | | ???????????????????????%#???????????#????## ##? | | ???????????????????????????????????????### #? | | ????????????????????????????????????#### ## | | ???????????????????????????????????## | | ???????????????????????????????????# ## | | ???????????????????????????????????# ##### #? | | ???????????????????????????????????## ##???## | | ????????????????????????????????????##??????# | | ???????????????????????????????????????????? # | | ???????????????????????????????????????????? # | | ???????????????????????????????????????????? # | | ????????????????????????????????????????????# # | | ?????????????????????????????????????????????# # | | ??????????????????????????????????????????????# # | | ??????????????????????????????????????????????? # | +----------------------------------------------------+ Best States ------------- Heat Dissipation 25 Energy Generation 14 Energy Capacity 250 Matter Stores 300 Matter Capacity 300 Sight Range 16 Terrain Scan Density 10 Armor Coverage 150 Resistance: KI 35 Resistance: TH 35 Resistance: EX 35 Resistance: EM 35 Resistance: I 35 Resistance: S 35 Resistance: P 35 Evasion (%) 50 Targeting Accuracy 5 Offensive Hacking 20 Item Schematics ----------------- None Robot Schematics ------------------ None Fabricated ------------ Nothing Alien Tech Used ----------------- None Achievements -------------- None Challenges ------------ None Game ------ Seed ShadingHardlightBoregun Manual? 0 Play Time 00:10:09 Cumulative 35.8 hours Start 2024.07.20 @ 19:20:55 End 2024.07.21 @ 05:58:37 Sessions 3 Manual Loads 0 Difficulty Explorer Special Mode None Game No. 88 Rogue 20 Adventurer 46 Explorer 22 Win Type - Total 0 Types 0/0/0/0/0/0/0/0/0 Lore% 10 Gallery% 34 Achievement% 24 Wizard Run 0 Options --------- Layout 1 ASCII 0 Keyboard 0 Movement Mouse Keybinds 0 Fullscreen 1 Font 24/Smallcaps Map View 50x35 Zoom Use 0% Tactical HUD 1 Map Filters NONE Filters NONE Steam 1 RUN: 832aa139-a76d-46d0-915b-a7ecaa01dcbc